 Dungeon Crawl Stone Soup version 0.24.0-123-gd5b16e6ec5 (webtiles) character file.

Game seed: 16274008206898104492, levelgen mode: deterministic

79 Elellon the Chopper (level 4, 0/39 HPs)
             Began as a Hill Orc Fighter on Jan 19, 2020.
             Slain by an orc priest
             ... wielding a +0 short sword of electrocution
              (4 damage)
             ... on level 3 of the Dungeon.
             The game lasted 00:02:26 (1134 turns).

Elellon the Chopper (Hill Orc Fighter)              Turns: 1134, Time: 00:02:28

Health: 0/39       AC:  8    Str: 19    XL:     4   Next: 37%
Magic:  4/4        EV:  7    Int:  8    God:
Gold:   68         SH:  9    Dex: 10    Spells: 3/3 levels left

rFire    . . .     SeeInvis .   a - +0 war axe
rCold    . . .     Gourm    .   c - +0 shield
rNeg     . . .     Faith    .   b - +0 scale mail
rPois    .         Spirit   .   (no helmet)
rElec    .         Reflect  .   (no cloak)
rCorr    .         Harm     .   (no gloves)
MR       .....                  e - +0 pair of boots
Stlth    ..........             (no amulet)
HPRegen  0.13/turn              (no ring)
MPRegen  0.09/turn              (no ring)

@: no status effects
A: no striking features
a: Convert to Beogh


You were on level 3 of the Dungeon.
You were not hungry.

You visited 1 branch of the dungeon, and saw 3 of its levels.

You collected 68 gold pieces.

Inventory:

Hand Weapons
 a - a +0 war axe (weapon)
Armour
 b - a +0 scale mail (worn)
 c - a +0 shield (worn)
 e - a +0 pair of boots (worn)
Jewellery
 i - an uncursed ring of flight {unknown}
Scrolls
 g - a scroll of random uselessness {unknown}
 h - 2 scrolls of identify {unknown}
 j - a scroll of magic mapping {unknown}
 l - a scroll of enchant armour {unknown}
Potions
 d - a potion of might
 k - a potion of agility {unknown}
Comestibles
 f - 5 rations
 m - a chunk of flesh


   Skills:
 - Level 3.6 Fighting
 + Level 6.0 Axes
 - Level 3.2 Armour
 - Level 3.2 Shields


You had 3 spell levels left.
You didn't know any spells.
Your spell library was empty.

Dungeon Overview and Level Annotations

Branches:
Dungeon (3/15)

Altars:


Message History

You block the orc priest's attack. x2
You hit the orc priest.
The orc priest is moderately wounded.
You barely miss the orc priest. You block the orc priest's attack.
The orc priest hits you with a +0 flail.
* * * LOW HITPOINT WARNING * * *
You hit the orc priest.
The orc priest is heavily wounded.
You hit the orc priest.
The orc priest threatens, "By the altar or by the axe, you will meet Beogh!"
The orc priest calls upon Beogh to heal the orc priest.
The orc priest is healed somewhat.
The orc priest hits you but does no damage.
You hit the orc priest.
The orc priest shouts, "Join the one true god or die!"
The orc priest is moderately wounded.
You closely miss the orc priest.
The orc priest shouts, "Join the one true god or die!"
The orc priest hits you with a +0 short sword of electrocution.
You die...

###### ..# .#... #..
...# #.. ####oo.#
#... #..@o# #..###
#.#### # ...# #.#
#.##.####.######
#......รท.....(...
####>###.......>.
#######.##......)...
#.............###...
#....###<####..# #.


You could see 2 orc priests and an orc.

Vanquished Creatures
  An orc priest (D:3)
  An adder zombie (D:3)
  2 worms (D:2)
  6 orcs (D:3)
  A ball python (D:2)
  A giant cockroach (D:2)
  3 hobgoblins
  2 quokkas
  5 bats
  2 frilled lizards
  4 goblins
  4 kobolds
  4 rats
36 creatures vanquished.

Notes
Turn   | Place    | Note
-------+----------+-------------------------------------------
     0 | D:1      | Elellon the Hill Orc Fighter began the quest for the Orb.
     0 | D:1      | Reached XP level 1. HP: 19/19 MP: 1/1
   129 | D:1      | Reached skill level 3 in Axes
   188 | D:1      | Reached XP level 2. HP: 19/26 MP: 2/2
   647 | D:2      | Reached skill level 4 in Axes
   747 | D:2      | Reached XP level 3. HP: 28/31 MP: 3/3
  1052 | D:2      | Found a faded altar of an unknown god.
  1058 | D:2      | You fall into a shaft and drop 1 floor!
  1106 | D:3      | Reached skill level 5 in Axes
  1123 | D:3      | Reached XP level 4. HP: 21/39 MP: 4/4
  1130 | D:3      | Reached skill level 6 in Axes
  1134 | D:3      | Slain by an orc priest

Levels and vault maps discovered:
D:1:      nzn_arrival_depleted_hourglass, layout_loops_ring, due_unseen_surprise
D:2:      layout_basic, serial_corexii_hall, corexii_hall_statues_s,
          corexii_hall_statues_t, first_ration, chequers_ecumenical_altar_twisty
D:3:      layout_rooms

Skill      XL: |  1  2  3  4 |
---------------+-------------+-----
Axes           | 3 4 5 6 |  6.0
Fighting       | |  3.6
Armour         | |  3.2
Shields        | |  3.2

Action                   |  1- 3 |  4- 6 || total
-------------------------+-------+-------++-------
Melee: War axe           |   102 |    11 ||   113
  Eat: Chunk             |     1 |       ||     1
Armor: Scale mail        |    43 |    10 ||    53
Dodge: Dodged            |    34 |     1 ||    35
Block: Shield            |    71 |     7 ||    78
